 Dungeon Crawl Stone Soup version 0.29-a0-925-g0a7a3d12f8 (webtiles) character file.

Game seed: 3768435939844444862

511 zeratav the Tainter (level 7, -1/41 HPs)
             Began as an Octopode Venom Mage on July 30, 2022.
             Slain by a phantom (6 damage)
             ... on level 4 of the Dungeon.
             The game lasted 00:07:26 (5396 turns).

zeratav the Tainter (Octopode Venom Mage)           Turns: 5396, Time: 00:07:27

Health: -1/41      AC:  1    Str: 13    XL:     7   Next: 19%
Magic:  10/10      EV: 13    Int: 20    God:
Gold:   264        SH:  0    Dex: 12    Spells: 3/10 levels left

rFire   . . .      SeeInvis +   s - +4 dagger (vamp) {short}
rCold   + . .      Faith    .   (no shield)
rNeg    + . .      Spirit   .   (helmet restricted)
rPois   .          Reflect  .   (no amulet)
rElec   +          Harm     .   g - ring of protection from cold
rCorr   +          Rampage  .   d - ring "Pitizxyt" {Contam rElec rCorr Str+6 SInv}
Will    .....                   f - ring of positive energy
Stlth   ++++......              (no ring)
HPRegen 0.13/turn               (no ring)
MPRegen 0.12/turn               (no ring)
                                (no ring)
                                (no ring)

@: no status effects
A: almost no armour, amphibious, 8 rings, camouflage 1, gelatinous body 1,
(nimble swimmer 1), tentacles
a: no special abilities


You were on level 4 of the Dungeon.
You visited 1 branch of the dungeon, and saw 4 of its levels.

You collected 264 gold pieces.


Innate Abilities, Weirdness & Mutations

You cannot wear most types of armour.
You are amphibious.
You can wear up to eight rings at the same time.
Your skin changes colour to match your surroundings (Stealth+).
Your rubbery body absorbs attacks. (AC +1, EV +1)
((You are camouflaged when in or above water. (Stealth+)))
You have tentacles for arms and can constrict up to eight enemies at once.


   Skills:
 - Level 2.0 Dodging
 - Level 5.0 Stealth
 - Level 2.0 Spellcasting
 - Level 1.0 Transmutations
 + Level 8.9 Poison Magic


You had 3 spell levels left.
You knew the following spells:

 Your Spells              Type           Power      Damage    Failure   Level
a - Sting                 Tmut/Pois      84%        1d7       1%          1
b - Poisonous Vapours     Pois/Air       38%        N/A       3%          2
c - Olgreb's Toxic Radia  Pois           37%        N/A       4%          4

Your spell library contained the following spells:

 Spells                   Type           Power      Damage    Failure   Level
 Mephitic Cloud           Conj/Pois/Air  13%        N/A       14%         3
 Freeze                   Ice            8%         1d3       16%         1
 Static Discharge         Conj/Air       2%         3-4/arc   24%         2
 Frozen Ramparts          Ice            4%         1d2       43%         3
 Gell's Gravitas          Tloc           2%         N/A       43%         3
 Lesser Beckoning         Tloc           2%         N/A       43%         3
 Ozocubu's Armour         Ice            2%         N/A       43%         3
 Teleport Other           Tloc           2%         N/A       43%         3
 Hailstorm                Conj/Ice       2%         3d3       83%         4
 Lightning Bolt           Conj/Air       1%         1d12      99%         5
 Ozocubu's Refrigeration  Ice            1%         4d5       100%        7
 Maxwell's Capacitive Co  Air            1%         ∞         100%        8

Inventory:

Hand Weapons
 s - a +4 vampiric dagger (weapon) {short}
   (You took it off a goblin on level 3 of the Dungeon)
Jewellery
 d - the ring "Pitizxyt" (right tentacle) {Contam rElec rCorr Str+6 SInv}
   (You acquired it on level 3 of the Dungeon)

   [ring of resist corrosion]

   Str:       It affects your strength (+6).
   rElec:     It insulates you from electricity.
   SInv:      It lets you see invisible.
   Contam:    It causes magical contamination when unequipped.
   rCorr:     It protects you from acid and corrosion.
 f - a ring of positive energy (on tentacle)
   (You found it on level 3 of the Dungeon)
 g - a ring of protection from cold (left tentacle)
   (You found it on level 1 of the Dungeon)
Wands
 e - a wand of roots (12)
   (You found it on level 3 of the Dungeon)
Scrolls
 h - 2 scrolls of teleportation {@r4}
 j - a scroll of butterflies
 l - a scroll of immolation {!r!r}
 m - a scroll of vulnerability {!r!r}
 r - a scroll of blinking {unknown}
 t - a scroll of enchant weapon {unknown}
Potions
 a - a potion of magic
 b - a potion of mutation {unknown}
 c - a potion of might {unknown}
 i - 2 potions of brilliance {unknown}
 k - 2 potions of lignification {unknown}
 n - 4 potions of curing {unknown}
 o - a potion of degeneration {unknown}
 p - a potion of experience {unknown}
 v - a potion of flight {unknown}

Dungeon Overview and Level Annotations

Branches:
Dungeon (4/15) Zot: 18606
 Temple: D:4-7

Altars:
Elyvilon
Hepliaklqana

Shops:
D:4

= #..#.# ##..#
##.#.# ##.# .....#
#.# ##.### #.# #.#
#.# ##.# ###.# ...#
#...# #### ####.####
#.....@.# #.##.##W#
#
#.##.##.#######..###
#.##................
#.#####.############
#.#####.# #.....§.#
#########


You could see a phantom.


Message History

Casting: Poisonous Vapours (safe; 4% risk of failure)
Confirm with . or Enter, or press ? or * to list all spells.
Aiming: Poisonous Vapours (safe; 4% risk of failure)
Press: ? - help, Dir - move target, f/p - iguana
Aim: an iguana (lightly wounded, very poisoned) Poisonous vapours surround the iguana!
The iguana looks as sick as possible!
MP[-2]
You lost 2 mp, and now have 2/10 mp.
You hit the iguana. You grab the iguana.
You constrict the iguana, but do no damage.
The iguana barely misses you.
MP[+1]
You hit the iguana but do no damage. You constrict the iguana.
You kill the iguana!
You see here an iguana corpse.
You start resting.
MP[+7]
Your mp is fully restored (10).
You can't see any susceptible monsters within range! (Use Z to cast anyway.)
You now have 264 gold pieces (gained 9).
i - 2 smoky brown potions (gained 1)
A phantom comes into view.
You hit the phantom. The phantom closely misses you.
You hit the phantom. The phantom misses you.
You barely miss the phantom.
The phantom hits you but does no damage.
You puncture the phantom! The phantom hits you!
The phantom blinks!
You blink.
HP[-7]
You take 7 damage, and now have 34/41 hp.
You hit the phantom.
The phantom hits you but does no damage.
You closely miss the phantom. The phantom barely misses you.
HP[+1]
You hit the phantom. The phantom misses you.
You hit the phantom but do no damage.
The phantom hits you but does no damage.
You hit the phantom. The phantom hits you!
The phantom blinks!
You blink.
HP[-8]
You take 8 damage, and now have 27/41 hp.
You closely miss the phantom. Your squeeze misses the phantom.
The phantom hits you but does no damage.
You hit the phantom. The phantom misses you.
You barely miss the phantom. The phantom closely misses you.
You hit the phantom. You squeeze the phantom. The phantom closely misses you.
You hit the phantom but do no damage. The phantom barely misses you.
HP[+1]
You barely miss the phantom. The phantom barely misses you.
You hit the phantom. The phantom closely misses you.
You hit the phantom but do no damage. The phantom hits you!
The phantom blinks!
You blink.
HP[-7]
You take 7 damage, and now have 21/41 hp.
You hit the phantom. The phantom hits you.
* * * LOW HITPOINT WARNING * * *
The phantom blinks!
You blink.
HP[-2]
You take 2 damage, and now have 19/41 hp.
You are too injured to fight recklessly!
You are too injured to fight recklessly!
You are too injured to fight recklessly!
You are too injured to fight recklessly!
You are too injured to fight recklessly!
You are too injured to fight recklessly!
You are too injured to fight recklessly!
You are too injured to fight recklessly!
You are too injured to fight recklessly!
You are too injured to fight recklessly!
You are too injured to fight recklessly!
You are too injured to fight recklessly!
You are too injured to fight recklessly!
You are too injured to fight recklessly!
You are too injured to fight recklessly!
You are too injured to fight recklessly!
You closely miss the phantom. The phantom hits you.
* * * LOW HITPOINT WARNING * * *
HP[-1]
You take 1 damage, and now have 18/41 hp.
You miss the phantom. Your squeeze misses the phantom.
The phantom barely misses you.
You miss the phantom. Your squeeze misses the phantom. The phantom hits you.
* * * LOW HITPOINT WARNING * * *
The phantom blinks!
You blink.
HP[-4]
You take 4 damage, and now have 14/41 hp.
You barely miss the phantom. The phantom hits you.
* * * LOW HITPOINT WARNING * * *
HP[-4]
You take 4 damage, and now have 10/41 hp.
You hit the phantom. Your squeeze misses the phantom. The phantom hits you.
* * * LOW HITPOINT WARNING * * *
The phantom blinks!
You blink.
HP[-5]
You take 5 damage, and now have 5/41 hp.
You miss the phantom. The phantom hits you.
You die...

Skill      XL: |  1  2  3  4  5  6 |
---------------+-------------------+-----
Stealth        | 3 4 5 |  5.0
Poison Magic   | 4 5 7 8 |  8.9
Dodging        | |  2.0
Spellcasting   | |  2.0
Transmutations | |  1.0

Action                   |  1- 3 |  4- 6 |  7- 9 || total
-------------------------+-------+-------+-------++-------
Melee: Unarmed           |     2 |       |       ||     2
       Dagger            |    44 |    97 |    27 ||   168
       Constrict         |     7 |    23 |     1 ||    31
       Tentacles         |     6 |    21 |     1 ||    28
       Punch             |     1 |     2 |       ||     3
 Cast: Sting             |    21 |    46 |       ||    67
       Poisonous Vapours |       |    26 |     6 ||    32
       Olgreb's Toxic Ra |       |     5 |       ||     5
Evoke: Wand              |       |     2 |       ||     2
  Use: Scroll            |       |     8 |       ||     8
 Stab: Sleeping          |    13 |    14 |     1 ||    28
Armor: Skin              |     3 |     7 |     4 ||    14
Dodge: Dodged            |    30 |    87 |    12 ||   129

Levels and vault maps discovered:
D:1:      heliophobic_arrival_glass_houses, layout_basic
D:2:      layout_loops_ring, uniq_jessica
D:3:      layout_rooms, old_standard_altar, minmay_increasing_density,
          uniq_terence
D:4:      layout_loops_corners, mainiacjoe_overflow_alcove_1, serial_shops,
          nicolae_shop_trees, hangedman_abyss_or_decor_lesser_grid,
          glass_columns_a

Notes
Turn   | Place    | Note
-------+----------+-------------------------------------------
     0 | D:1      | zeratav the Octopode Venom Mage began the quest for the
                  | Orb.
     0 | D:1      | Reached XP level 1. HP: 11/11 MP: 3/3
     0 | D:1      | magus.rc [v1.9.6]
   157 | D:1      | Reached skill level 3 in Stealth
   199 | D:1      | Reached XP level 2. HP: 10/17 MP: 1/5
   229 | D:1      | Reached skill level 4 in Poison Magic
   963 | D:1      | You pick up a book of Displacement and begin reading...
   963 | D:1      | You add the spells Lesser Beckoning, Gell's Gravitas and
                  | Teleport Other to your library.
  1020 | D:1      | Reached XP level 3. HP: 21/21 MP: 6/6
  1162 | D:1      | Reached skill level 4 in Stealth
  1197 | D:1      | You pick up a book of Frost and begin reading...
  1197 | D:1      | You add the spells Freeze, Frozen Ramparts and Hailstorm to
                  | your library.
  1508 | D:2      | Noticed Jessica
  1511 | D:2      | Killed Jessica
  1512 | D:2      | Reached XP level 4. HP: 27/27 MP: 7/7
  1515 | D:2      | Learned a level 2 spell: Poisonous Vapours
  1576 | D:2      | Reached skill level 5 in Poison Magic
  1807 | D:2      | Reached skill level 5 in Stealth
  2232 | D:2      | Reached XP level 5. HP: 31/31 MP: 0/8
  2642 | D:2      | Reached skill level 6 in Poison Magic
  2854 | D:2      | You pick up a book of Lightning and begin reading...
  2854 | D:2      | You add the spells Static Discharge, Lightning Bolt and
                  | Maxwell's Capacitive Coupling to your library.
  3285 | D:3      | You add the spells Ozocubu's Armour and Ozocubu's
                  | Refrigeration to your library.
  3354 | D:3      | Identified a scroll of acquirement
  3379 | D:3      | Acquired the ring "Pitizxyt" {Contam rElec rCorr Str+6
                  | SInv}
  3593 | D:3      | Noticed Terence
  3706 | D:3      | Reached skill level 7 in Poison Magic
  3706 | D:3      | Reached XP level 6. HP: 36/36 MP: 4/9
  3814 | D:3      | Killed Terence
  4225 | D:3      | Learned a level 4 spell: Olgreb's Toxic Radiance
  4402 | D:3      | Found a hazy altar of Hepliaklqana.
  4558 | D:4      | Reached skill level 8 in Poison Magic
  4759 | D:4      | Found Ofur's Jewellery Emporium.
  4783 | D:4      | Found a white marble altar of Elyvilon.
  5015 | D:4      | Reached XP level 7. HP: 41/41 MP: 10/10
  5394 | D:4      | HP: 10/41 [phantom (5)]
  5396 | D:4      | Slain by a phantom

Vanquished Creatures
  A scorpion (D:3)
  A hound (D:4)
  2 iguanas (D:4)
  Jessica (D:2)
  Terence (D:3)
  An orc wizard (D:4)
  7 gnolls
  11 adders
  2 worms (D:2)
  2 dart slugs
  7 orcs
  10 endoplasms
  3 giant cockroaches (D:1)
  7 hobgoblins
  8 jackals (D:1)
  8 kobolds
  3 quokkas
  10 ball pythons
  9 bats
  3 frilled lizards
  12 goblins
  5 rats
114 creatures vanquished.

Table legend:
 A = Non-vault XP
 B = Vault XP
 C = Vault XP percentage of total XP
 D = Non-vault monster count
 E = Vault monster count
 F = Vault count percentage of total count
                 A         B        C        D         E       F
            +---------+---------+-------+---------+---------+-------
      Total |     627 |     103 |  14.1 |     103 |      11 |   9.6
            +---------+---------+-------+---------+---------+-------
        D:1 |      60 |       0 |   0.0 |      35 |       0 |   0.0
        D:2 |     130 |      37 |  22.2 |      28 |       1 |   3.4
        D:3 |     205 |      66 |  24.4 |      24 |      10 |  29.4
        D:4 |     232 |       0 |   0.0 |      16 |       0 |   0.0
            +---------+---------+-------+---------+---------+-------

Illustrated notes

Table legend:
 A = Kills in this place as a percentage of kills in entire the game.
 B = Kills by you in this place as a percentage of kills by you in the entire game.
 C = Kills by friends in this place as a percentage of kills by friends in the entire game.
 D = Other kills in this place as a percentage of other kills in the entire game.
 E = Experience gained in this place as a percentage of experience gained in the entire game.
 F = Experience gained in this place divided by the number of levels of this place that you have seen.
                   A       B       C       D       E      F
               +-------+-------+-------+-------+-------+----------------------
         Total | 100.0 | 100.0 |   N/A |   N/A | 100.0 | 182.5
       Dungeon | 100.0 | 100.0 |   N/A |   N/A | 100.0 | 182.5
               +-------+-------+-------+-------+-------+----------------------

Table legend: (Time is in decaauts)
 A = Elapsed time spent in this place.
 B = Non-inter-level travel time spent in this place.
 C = Inter-level travel time spent in this place.
 D = Time resting spent in this place.
 E = Time spent auto-exploring this place.
 F = Levels seen in this place.
 G = Mean time per level.
                   A        B        C        D        E       F      G
               +--------+--------+--------+--------+--------+-----+--------+
         Total |   5392 |   5338 |     54 |    884 |   3511 |   4 | 1348.0 |
       Dungeon |   5392 |   5338 |     54 |    884 |   3511 |   4 | 1348.0 |
               +--------+--------+--------+--------+--------+-----+--------+

Top non-repeatable levels by time:
     D:3: 1546 daAuts
     D:1: 1505 daAuts
     D:2: 1494 daAuts
     D:4: 845 daAuts
